 Dungeon Crawl Stone Soup version 0.19.4-10-g532645f (console) character file.

4518 Grinner the Grappler (level 10, -9/88 HPs)
             Began as a Troll Monk on Feb 23, 2017.
             Killed from afar by Erolcha (27 damage)
             ... with a bolt of lightning
             ... on level 10 of the Dungeon.
             The game lasted 00:17:20 (6636 turns).

Grinner the Grappler (Troll Monk)                   Turns: 6636, Time: 00:17:21

Health: -9/88      AC: 12    Str: 21    XL:     10   Next: 17%
Magic:  18/18      EV: 14    Int:  6    God:
Gold:   346        SH:  0    Dex: 15    Spells: 0 memorised, 9 levels left

rFire  . . .     SeeInvis .       - Unarmed
rCold  . . .     Gourm    +     K - +1 mottled dragon scales
rNeg   + . .     Faith    .     (no shield)
rPois  +         Spirit   .     (helmet restricted)
rElec  .         Reflect  .     F - +1 cloak of Amelioration {rN+}
rCorr  .         Harm     +     (gloves unavailable)
MR     .....                    (boots unavailable)
Stlth  +.........               E - amulet of harm
                                x - ring of magical power
                                d - ring of poison resistance

@: no status effects
A: unfitting armour, claws 3, fast metabolism 3, gourmand, regeneration 1,
shaggy fur 1, tough skin 2
a: no special abilities


You were on level 10 of the Dungeon.
You were not hungry.

You visited 1 branch of the dungeon, and saw 10 of its levels.
You also visited: Ossuary.

You collected 615 gold pieces.
You spent 269 gold pieces at shops.

Inventory:

Armour
 c - a +0 cloak
 F - the +1 cloak of Amelioration (worn) {rN+}
   (You bought it in a shop on level 9 of the Dungeon)

   It protects you from negative energy.
 K - +1 mottled dragon scales (worn)
Jewellery
 d - a ring of poison resistance (left claw)
 p - an uncursed ring of ice
 x - a ring of magical power (right claw)
 E - an amulet of harm (around neck)
Wands
 y - a wand of polymorph (10/24)
 B - a wand of random effects (22/48)
 D - a wand of slowing (21/48)
 J - a wand of lightning (15/15)
Scrolls
 j - 4 scrolls of remove curse
 k - a scroll of immolation
 l - 5 scrolls of noise
 m - a scroll of teleportation
 n - 3 scrolls of recharging
 z - a scroll of magic mapping
Potions
 a - a potion of mutation {unknown}
 e - 8 potions of curing
 f - a potion of resistance
 h - 3 potions of ambrosia
 i - a potion of cancellation
 o - 2 potions of lignification
 t - 2 potions of cure mutation
 u - 2 potions of flight
 v - 3 potions of brilliance
 w - 2 potions of might
 H - 2 potions of agility
Books
 A - a book of Callings

   Spells                             Type                      Level
   a - Summon Small Mammal            Summoning                    1
   b - Call Imp                       Summoning                    2
   c - Call Canine Familiar           Summoning                    3
   d - Summon Guardian Golem          Hexes/Summoning              3
   e - Summon Lightning Spire         Summoning/Air                4
   f - Summon Ice Beast               Ice/Summoning                4
 C - a book of Maledictions

   Spells                             Type                      Level
   a - Corona                         Hexes                        1
   b - Ensorcelled Hibernation        Hexes/Ice                    2
   c - Confuse                        Hexes                        3
   d - Tukima's Dance                 Hexes                        3
   e - Dazzling Spray                 Conjuration/Hexes            3
Comestibles
 b - 8 bread rations
 g - 5 meat rations
 q - 3 fruits
 s - 3 beef jerkies
 G - a royal jelly
 I - a slice of pizza


   Skills:
 - Level 2.4 Fighting
 + Level 7.5 Dodging
 - Level 1.0 Stealth
 * Level 12.3 Unarmed Combat


You had 9 spell levels left.
You didn't know any spells.

Dungeon Overview and Level Annotations

Branches:
Dungeon (10/15)            Temple (0/1) D:7            Lair (0/6) D:10
    Orc: D:9-12

Altars:
Cheibriados
Elyvilon
Fedhas
Kikubaaqudgha
Ru
Sif Muna
Yredelemnul

Shops:
D:6 (   D:9 [

Annotations:
D:10 Erolcha


Innate Abilities, Weirdness & Mutations

You are too large for most types of armour.
You have claws for hands.
Your metabolism is lightning-fast.
You like to eat raw meat.
Your natural rate of healing is unusually fast.
You are covered in fur. (AC +1)
You have very tough skin. (AC +2)


Message History

Erolcha hits you with a giant club!
You scratch Erolcha.
Erolcha is severely wounded.
You scratch Erolcha.
Erolcha is severely wounded.
Erolcha screams, "Stand!
Erolcha hit you!" Erolcha casts a spell at you. The stone arrow hits you!
You scratch Erolcha but do no damage.
Erolcha is severely wounded.
Erolcha gestures at you while chanting. The bolt of lightning hits you!
* * * LOW HITPOINT WARNING * * *
You are too injured to fight recklessly!
You scratch Erolcha but do no damage.
Erolcha is severely wounded.
The sentinel's mark upon you fades away.
Erolcha gestures at you while chanting. The bolt of lightning hits you!
You die...

....# #.....# #......
...o............#
#..####
.............##+##..#
....................#
........# ##.......#
........# #.......#
....>...# #.......##
.......O# #........#
.......@# #........#
........# #.†÷.....#
........#####.[......#
.....................#
.....................#
.....................#
######################


You could see Erolcha and an orc.

Vanquished Creatures
  A gargoyle (D:10)
  A troll (D:8)
  Prince Ribbit (D:5)
  A slime creature (D:8)
  A wraith (D:10)
  A hungry ghost (D:7)
  A mottled dragon (D:8)
  3 water moccasins
  An orc warrior (D:7)
  2 sky beasts
  An ogre (D:6)
  2 ice beasts
  A phantom (D:8)
  3 centaurs
  2 bullfrogs (D:6)
  An elf skeleton (D:4)
  A jelly (D:8)
  4 scorpions
  A killer bee (D:8)
  7 howler monkeys
  2 electric eels (D:9)
  A crimson imp (D:5)
  A bullfrog zombie (D:5)
  A quasit (D:8)
  5 hounds
  A gnoll shaman (D:4)
  A human zombie (D:4)
  2 orc priests
  2 human skeletons (D:4)
  3 bullfrog skeletons
  An iron imp (D:6)
  5 orc wizards
  4 worker ants
  A killer bee zombie (D:6)
  8 mummies (Ossuary)
  Robin (D:4)
  9 gnolls
  12 adders
  4 shadow imps
  2 oozes
  2 adder skeletons
  3 worms
  3 dart slugs
  2 leopard geckos
  31 orcs
  3 giant cockroaches
  3 gnoll zombies (Ossuary)
  19 goblins
  8 hobgoblins
  15 jackals
  4 kobolds
  6 quokkas
  6 bats
  3 frilled lizards
  A giant cockroach zombie (D:6)
  3 hobgoblin zombies (Ossuary)
  A kobold zombie (Ossuary)
  A leopard gecko zombie (D:5)
  An orc skeleton (D:4)
  2 orc zombies
  A quokka skeleton (D:6)
  5 rats
225 creatures vanquished.

Notes
Turn   | Place    | Note
-------+----------+-------------------------------------------
     0 | D:1      | Grinner the Troll Monk began the quest for the Orb.
     0 | D:1      | Reached XP level 1. HP: 22/22 MP: 0/0
    76 | D:1      | Reached XP level 2. HP: 27/29 MP: 1/1
   436 | D:1      | Reached XP level 3. HP: 36/36 MP: 2/2
   585 | D:2      | Reached skill level 4 in Unarmed Combat
   979 | D:2      | You fall through a shaft for 2 floors!
   985 | D:4      | Reached XP level 4. HP: 42/44 MP: 3/3
  1107 | D:4      | Noticed Robin
  1126 | D:4      | Reached skill level 5 in Unarmed Combat
  1151 | D:4      | Reached XP level 5. HP: 31/50 MP: 4/4
  1161 | D:4      | Killed Robin
  1405 | D:4      | Reached XP level 6. HP: 18/59 MP: 5/5
  1454 | D:4      | Found a blossoming altar of Fedhas.
  1475 | D:4      | Reached skill level 6 in Unarmed Combat
  1626 | D:4      | Found a sand-covered staircase.
  1639 | Ossuary  | Entered an ossuary
  1664 | Ossuary  | Reached XP level 7. HP: 37/66 MP: 6/6
  1748 | Ossuary  | Reached skill level 7 in Unarmed Combat
  2265 | D:3      | Found a white marble altar of Elyvilon.
  2568 | D:3      | Found a sacrificial altar of Ru.
  3125 | D:5      | Entered Level 5 of the Dungeon
  3203 | D:5      | Reached skill level 8 in Unarmed Combat
  3249 | D:5      | Noticed Prince Ribbit
  3257 | D:5      | Killed Prince Ribbit
  3257 | D:5      | Reached skill level 5 in Dodging
  3257 | D:5      | Reached XP level 8. HP: 42/74 MP: 7/7
  3642 | D:5      | Found a deep blue altar of Sif Muna.
  3809 | D:6      | Reached skill level 9 in Unarmed Combat
  4284 | D:6      | Found a basalt altar of Yredelemnul.
  4346 | D:6      | Found a snail-covered altar of Cheibriados.
  4456 | D:6      | Found an ancient bone altar of Kikubaaqudgha.
  4663 | D:6      | Reached skill level 10 in Unarmed Combat
  4708 | D:6      | Found Goufif's Weapon Emporium.
  4721 | D:6      | Reached XP level 9. HP: 80/80 MP: 8/8
  4889 | D:7      | Gained mutation: You are clumsy. (Dex -2) [mutagenic meat]
  4890 | D:7      | Gained mutation: You are resistant to hostile enchantments. (MR+) [mutagenic meat]
  4891 | D:7      | Gained mutation: You are highly resistant to hostile enchantments. (MR++) [mutagenic meat]
  4892 | D:7      | Lost mutation: You are clumsy. (Dex -2) [mutagenic meat]
  4893 | D:7      | Gained mutation: You are weak. (Str -2) [mutagenic meat]
  4922 | D:7      | Found a staircase to the Ecumenical Temple.
  5320 | D:8      | Reached skill level 11 in Unarmed Combat
  5398 | D:8      | Noticed a troll
  5412 | D:8      | Killed a troll
  5490 | D:8      | Lost mutation: You are highly resistant to hostile enchantments. (MR++) [potion of cure mutation]
  5490 | D:8      | Lost mutation: You are weak. (Str -2) [potion of cure mutation]
  5490 | D:8      | Lost mutation: You are resistant to hostile enchantments. (MR+) [potion of cure mutation]
  6118 | D:9      | Found Etamomn's Armour Shoppe.
  6126 | D:9      | Bought the +1 cloak of Amelioration {rN+} for 269 gold pieces
  6157 | D:9      | Reached skill level 12 in Unarmed Combat
  6285 | D:10     | Entered Level 10 of the Dungeon
  6376 | D:10     | Reached XP level 10. HP: 88/88 MP: 9/9
  6392 | D:10     | Noticed a gargoyle
  6400 | D:10     | Killed a gargoyle
  6628 | D:10     | Found a staircase to the Lair.
  6628 | D:10     | Noticed Erolcha
  6636 | D:10     | Killed from afar by Erolcha

Skill      XL: |  1  2  3  4  5  6  7  8  9 |
---------------+----------------------------+-----
Unarmed Combat | 4 5 6 8 10 12 | 12.3
Dodging        | 3 4 5 6 7 |  7.5
Fighting       | |  2.4
Stealth        | |  1.0

Action                   |  1- 3 |  4- 6 |  7- 9 | 10-12 || total
-------------------------+-------+-------+-------+-------++-------
Melee: Unarmed           |    86 |   136 |   421 |    27 ||   670
       Punch             |       |     3 |    17 |     4 ||    24
  Use: Scroll            |       |     4 |    15 |     1 ||    20
       Potion            |       |       |     7 |       ||     7
 Stab: Sleeping          |     6 |     1 |     6 |       ||    13
       Distracted        |       |       |     2 |       ||     2
  Eat: Chunk             |     5 |    13 |    53 |     1 ||    72
       Bread ration      |       |       |     1 |       ||     1
Armor: Robe              |    33 |    31 |    84 |       ||   148
       Skin              |       |       |    12 |       ||    12
       Mottled dragon sc |       |       |     5 |     9 ||    14
Dodge: Dodged            |    39 |    77 |   220 |     8 ||   344
